 Dungeon Crawl Stone Soup version 0.30.1-11-g7821555f0a (webtiles) character file.

Game seed: 16379178172818472030

10987 Peloso the Carver (level 11, -10/99 HPs)
             Began as a Minotaur Fighter on Dec 23, 2023.
             Was a High Priest of Okawaru.
             Mangled by a boulder beetle (25 damage)
             ... on level 11 of the Dungeon.
             The game lasted 00:21:45 (10171 turns).

Peloso the Carver (Minotaur Fighter)               Turns: 10171, Time: 00:21:45

Health: -10/99     AC: 18    Str: 22    XL:     11   Next: 43%
Magic:  10/10      EV: 13    Int:  5    God:    Okawaru [*****.]
Gold:   1128       SH:  7    Dex: 19    Spells: 10/10 levels left

rFire   . . .        a - +3 scimitar
rCold   . . .        d - +0 buckler
rNeg    . . .        w - +0 plate armour
rPois   .            (helmet restricted)
rElec   .            H - +2 cloak
rCorr   .            (no gloves)
SInv    .            (no boots)
Will    .....        (no amulet) Stlth
                     l - +5 ring of evasion
HPRegen 0.36/turn    B - +6 ring of dexterity
MPRegen 0.12/turn

%: no passive effects
@: studying Throwing
A: horns 2, retaliatory headbutt
a: Renounce Religion, Heroism, Finesse, Duel


You were on level 11 of the Dungeon.
You worshipped Okawaru.
Okawaru was extremely pleased with you.
You visited 2 branches of the dungeon, and saw 12 of its levels.
You also visited: Ossuary.

You collected 1128 gold pieces.

Inventory:

Hand Weapons
 a - a +3 scimitar (weapon)
 n - a +1 spear of flaming
Armour
 c - a +2 scale mail of positive energy
 d - a +0 buckler (worn)
 w - a +0 plate armour (worn)
 F - a +0 scale mail of cold resistance
 H - a +2 cloak (worn)
Jewellery
 b - a ring of magical power
 l - a +5 ring of evasion (left hand)
 s - an amulet of guardian spirit
 t - a ring of wizardry
 x - a +6 ring of strength
 B - a +6 ring of dexterity (right hand)
 G - an amulet of faith
Wands
 f - a wand of flame (46)
 q - a wand of digging (2)
 A - a wand of roots (7)
Scrolls
 g - 2 scrolls of amnesia
 j - 5 scrolls of teleportation
 p - 2 scrolls of enchant armour
 u - a scroll of magic mapping
 v - 2 scrolls of fear
 y - a scroll of blinking
 z - 3 scrolls of enchant weapon
 E - 3 scrolls of fog
 I - a scroll of poison
Potions
 e - a potion of cancellation
 h - 6 potions of curing
 i - 8 potions of brilliance
 k - a potion of might
 m - 2 potions of lignification
 o - 4 potions of mutation
 r - 3 potions of resistance
 C - 3 potions of flight
 D - a potion of berserk rage {unknown}


   Skills:
 + Level 9.6 Fighting
 + Level 13.9 Long Blades
 + Level 10.8 Armour
 + Level 3.8 Dodging
 + Level 1.8 Stealth
 + Level 9.2 Shields
 + Level 1.1 Invocations


You had 10 spell levels left.
You didn't know any spells.
Your spell library contained the following spells:

 Spells                   Type           Power      Damage    Failure   Level
 Beastly Appendage        Tmut           0%         N/A       100%        1
 Freeze                   Ice            0%         1d3       100%        1
 Necrotise                Necr           0%         1d4       100%        1
 Sublimation of Blood     Necr           0%         N/A       100%        2
 Wereblood                Tmut           0%         N/A       100%        2
 Frozen Ramparts          Ice            0%         1d1       100%        3
 Hailstorm                Conj/Ice       0%         3d3       100%        3
 Ozocubu's Armour         Ice            0%         N/A       100%        3
 Spider Form              Tmut/Pois      0%         N/A       100%        3
 Stone Arrow              Conj/Erth      0%         3d7       100%        3
 Vampiric Draining        Necr           0%         2d6       100%        3
 Petrify                  Tmut/Erth      0%         N/A       100%        4
 Agony                    Necr           0%         N/A       100%        5
 Irradiate                Conj/Tmut      0%         3d11      100%        5
 Metabolic Englaciation   Hex/Ice        0%         N/A       100%        5
 Lehudib's Crystal Spear  Conj/Erth      0%         10d2      100%        8
 Animate Armour           Summ/Erth      Unusable   N/A       N/A         4
 Simulacrum               Ice/Necr       Unusable   N/A       N/A         6

Dungeon Overview and Level Annotations

Branches:
Dungeon (11/15)            Temple (1/1) D:6            Lair (0/5) D:9
    Orc (0/2) D:10        Ossuary (visited)

Altars:
Dithmenos
Fedhas
Gozag
Kikubaaqudgha
Makhleb
Okawaru
Sif Muna
Vehumet
The Shining One


Innate Abilities, Weirdness & Mutations

You have a pair of horns on your head.
You reflexively headbutt those who attack you in melee.


Message History

Roots grab the boulder beetle.
The grasping roots constrict the troll.
The grasping roots constrict the boulder beetle, but do no damage.
The roots release their grip on the troll.
The boulder beetle struggles to escape constriction.
You slash the troll! You headbutt the troll!
The troll is almost dead.
The grasping roots constrict the boulder beetle.
The roots release their grip on the boulder beetle.
The troll bites you!
* * * LOW HITPOINT WARNING * * *
The troll claws you but does no damage. The troll claws you!
* * * LOW HITPOINT WARNING * * *
The boulder beetle curls into a ball and begins rolling!
You slash the troll!
You kill the troll!
Okawaru accepts your kill.
Unknown command.
Okay, then.
Aiming: Fastroot
Press: ? - help, Shift-Dir - straight line The roots erupt in riotous growth!
Roots grab the boulder beetle.
The grasping roots constrict the boulder beetle.
The boulder beetle struggles to escape constriction. x2
Unknown command.
The grasping roots constrict the boulder beetle, but do no damage.
The roots release their grip on the boulder beetle.
Aiming: Fastroot
Press: ? - help, Shift-Dir - straight line The roots erupt in riotous growth!
Roots grab the boulder beetle.
The grasping roots constrict the boulder beetle, but do no damage.
The boulder beetle struggles to escape constriction.
The boulder beetle escapes!
You feel better.
You hit the boulder beetle but do no damage.
The boulder beetle is almost dead.
The boulder beetle hits you!!
You die...

..........)......#
....#.<....(....#
. #...........#
#..........)#
#...........#
#...........#
##########'##
#........#
##@########
###.B.......#
#.'.°.......#
#.#.°.......#
#..#.........#
+.?##...>.....#
### #.........#
####'###### #.#


You could see a boulder beetle (rolling).

Vanquished Creatures
  2 two-headed ogres
  A cyclops (D:11)
  Maurice (D:10)
  A gargoyle (D:9)
  Psyche (D:9)
  A kobold demonologist (D:9)
  2 trolls
  2 hornets
  6 yaks (D:10)
  2 steam dragons (D:7)
  3 vampire mosquitoes (D:10)
  Menkaure (D:5)
  Duvessa (D:7)
  2 orc warriors
  2 black bears (D:6)
  3 ice beasts
  4 ogres
  7 centaurs
  3 phantoms
  19 kobold brigands
  3 bullfrogs
  3 scorpions
  10 wights
  Dowan (D:7)
  11 killer bees
  2 howler monkeys (D:9)
  5 orc priests
  2 jellies
  5 hounds
  2 iguanas (D:6)
  A gnoll bouda (D:8)
  13 orc wizards
  9 mummies
  11 gnolls
  9 adders
  3 shadow imps
  5 white imps
  An ufetubus (D:6)
  A worm (D:2)
  2 dart slugs (D:2)
  33 orcs
  6 endoplasms
  5 giant cockroaches
  10 goblins
  7 hobgoblins
  22 kobolds
  2 quokkas
  10 ball pythons
  5 bats
  2 frilled lizards
  A gnoll zombie (Ossuary)
  2 hobgoblin zombies (Ossuary)
  4 kobold zombies
  3 orc zombies
  8 rats
283 creatures vanquished.

Notes
Turn   | Place    | Note
-------+----------+-------------------------------------------
     0 | D:1      | Peloso the Minotaur Fighter began the quest for the Orb.
     0 | D:1      | Reached XP level 1. HP: 19/19 MP: 0/0
    89 | D:1      | Reached XP level 2. HP: 23/27 MP: 1/1
   638 | D:2      | Reached XP level 3. HP: 33/33 MP: 2/2
   642 | D:2      | Reached skill level 3 in Long Blades
   848 | D:2      | Reached skill level 1 in Dodging
   862 | D:2      | Reached XP level 4. HP: 39/40 MP: 3/3
  1527 | D:3      | Found a faded altar of an unknown god.
  1944 | D:4      | Noticed an ogre
  1957 | D:4      | Killed an ogre
  1958 | D:4      | Reached skill level 4 in Long Blades
  1958 | D:4      | Reached XP level 5. HP: 11/47 MP: 4/4
  2071 | D:4      | Found a sand-covered staircase.
  2158 | Ossuary  | Entered an ossuary
  2232 | Ossuary  | Reached skill level 5 in Long Blades
  2259 | Ossuary  | Reached XP level 6. HP: 53/53 MP: 5/5
  2325 | Ossuary  | Reached skill level 5 in Armour
  2887 | D:4      | Found a blossoming altar of Fedhas.
  3094 | D:5      | Entered Level 5 of the Dungeon
  3130 | D:5      | Reached skill level 6 in Long Blades
  3130 | D:5      | Reached skill level 5 in Shields
  3140 | D:5      | Reached XP level 7. HP: 39/60 MP: 6/6
  3195 | D:5      | Reached skill level 7 in Long Blades
  3352 | D:4      | Reached skill level 5 in Fighting
  3776 | D:5      | Noticed Menkaure
  3780 | D:5      | Killed Menkaure
  3781 | D:5      | Reached XP level 8. HP: 68/68 MP: 7/7
  4058 | D:6      | Reached skill level 8 in Long Blades
  4276 | D:6      | Reached skill level 1 in Stealth
  4280 | D:6      | Reached skill level 9 in Long Blades
  4344 | D:6      | Found a staircase to the Ecumenical Temple.
  4365 | Temple   | Entered the Ecumenical Temple
  4384 | Temple   | Became a worshipper of Warmaster Okawaru
  4541 | D:6      | Reached XP level 9. HP: 45/75 MP: 8/8
  4875 | D:6      | Found an opulent altar of Gozag.
  5376 | D:7      | Reached skill level 10 in Long Blades
  5560 | D:7      | Noticed Dowan
  5563 | D:7      | Noticed Duvessa
  5572 | D:7      | Killed Duvessa
  5572 | D:7      | Reached * piety under Okawaru
  5573 | D:7      | Killed Dowan
  6049 | D:8      | Reached ** piety under Okawaru
  6050 | D:8      | Reached skill level 11 in Long Blades
  6300 | D:8      | Reached XP level 10. HP: 80/88 MP: 9/9
  7041 | D:9      | Noticed a gargoyle
  7286 | D:9      | Killed a gargoyle
  7377 | D:9      | Reached *** piety under Okawaru
  7378 | D:9      | Reached skill level 12 in Long Blades
  7991 | D:9      | Noticed Psyche
  8011 | D:9      | Killed Psyche
  8165 | D:9      | Reached **** piety under Okawaru
  8176 | D:9      | Found a staircase to the Lair.
  8324 | D:9      | Reached skill level 1 in Invocations
  8537 | D:9      | Noticed a two-headed ogre
  8547 | D:9      | Killed a two-headed ogre
  8548 | D:9      | Reached skill level 13 in Long Blades
  8548 | D:9      | Reached skill level 10 in Armour
  8734 | D:9      | Noticed a rust devil
  8794 | D:9      | Reached XP level 11. HP: 93/97 MP: 10/10
  9224 | D:10     | Entered Level 10 of the Dungeon
  9341 | D:10     | Noticed Maurice
  9366 | D:10     | Killed Maurice
  9367 | D:10     | Found a staircase to the Orcish Mines.
  9872 | D:10     | Reached ***** piety under Okawaru
 10034 | D:10     | Found a shimmering blue altar of Sif Muna.
 10038 | D:10     | Found a glowing golden altar of the Shining One.
 10079 | D:11     | Noticed a two-headed ogre
 10086 | D:11     | Killed a two-headed ogre
 10128 | D:11     | Noticed a boulder beetle
 10171 | D:11     | Mangled by a boulder beetle

Illustrated notes

Levels and vault maps discovered:
D:1:      dpeg_arrival_pits, layout_rooms, st_stairs_14
D:2:      layout_basic
D:3:      layout_basic, shapermc_ecumenical_altar_mp_vishouse,
          minmay_door_square, kennysheep_big_empty_room, columned_hall_lemuel
D:4:      layout_basic, lemuel_doored_altar, nicolae_ossuary_entry_giza
D:5:      layout_cave_pools, uniq_menkaure
D:6:      layout_cave_pools, mainiacjoe_overflow_surrounded_room,
          minmay_temple_entry_trees, minmay_manual_monstrance
D:7:      layout_loops_ring, uniq_duvessa
D:8:      layout_basic
D:9:      layout_layer_cave, dpeg_oklobed_lair, special_room
          [special_room_kobold], uniq_psyche
D:10:     layout_basic, minitemple, orc_0_dummy, dreamdust_wishing_well,
          uniq_maurice
D:11:     layout_roguey
Temple:   hc_temple_tempest_star

Skill      XL: |  1  2  3  4  5  6  7  8  9 10 11 |
---------------+----------------------------------+-----
Armour         | 4 5 6 7 8 10 | 10.8
Fighting       | 4 5 6 7 9 |  9.6
Long Blades    | 3 4 5 6 7 9 11 13 | 13.9
Shields        | 4 5 6 7 8 9 |  9.2
Dodging        | 1 2 3 |  3.8
Stealth        | 1 |  1.8
Invocations    | 1 |  1.1

Action                     |  1- 3 |  4- 6 |  7- 9 | 10-12 || total
---------------------------+-------+-------+-------+-------++-------
  Melee: Long sword        |   113 |   154 |   263 |       ||   530
         Headbutt          |    15 |    30 |    62 |    70 ||   177
         Scimitar          |       |       |    72 |   276 ||   348
 Invoke: Heroism           |       |       |       |     6 ||     6
  Evoke: Wand              |       |       |       |     5 ||     5
    Use: Potion            |     4 |     1 |       |     3 ||     8
         Scroll            |       |    11 |     7 |     5 ||    23
 Armour: Scale mail        |    71 |    41 |    17 |       ||   129
         Plate armour      |       |       |   154 |   104 ||   258
  Dodge: Dodged            |    59 |    74 |   228 |   135 ||   496
  Block: Buckler           |    22 |    41 |   105 |    94 ||   262
